 Dungeon Crawl Stone Soup version 0.22.1-1-ga44c0e5 (webtiles) character file.

94 Monsterracer the Firebug (level 4, -7/27 HPs)
             Began as an Octopode Fire Elementalist on Oct 7, 2018.
             Killed by nerve-wracking pain
             ... invoked by Grinder
              (12 damage)
             ... on level 3 of the Dungeon.
             The game lasted 00:04:54 (3408 turns).

Monsterracer the Firebug (OpFE)                     Turns: 3408, Time: 00:04:55

Health: -7/27      AC:  1    Str:  7    XL:     4   Next: 63%
Magic:  0/7        EV: 13    Int: 18    God:
Gold:   155        SH:  0    Dex: 12    Spells: 0/8 levels left

rFire    + . .     SeeInvis .   b - +1 hunting sling (freeze)
rCold    . . .     Gourm    .   (no shield)
rNeg     . . .     Faith    .   (helmet restricted)
rPois    +         Spirit   .   (no amulet)
rElec    .         Reflect  .   d - ring of protection from fire {!d}
rCorr    .         Harm     .   m - ring of poison resistance {!d}
MR       .....                  (no ring)
Stlth    +++.......             (no ring)
HPRegen  0.09/turn              (no ring)
MPRegen  0.10/turn              (no ring)
                                (no ring)
                                (no ring)

@: very slightly contaminated
A: almost no armour, stealthy swim, amphibious, 8 rings, constrict 8, camouflage
1, gelatinous body 1
a: no special abilities


You were on level 3 of the Dungeon.
You were hungry.

You visited 1 branch of the dungeon, and saw 3 of its levels.

You collected 155 gold pieces.

Inventory:

Hand Weapons
 b - a +1 hunting sling of freezing (weapon)
Missiles
 j - 89 stones (quivered)
 p - 19 sling bullets
Jewellery
 d - a ring of protection from fire (left tentacle) {!d}
 m - a ring of poison resistance (right tentacle) {!d}
Wands
 n - a wand of scattershot (3)
Scrolls
 f - 3 scrolls of magic mapping {unknown}
 g - 4 scrolls of identify {unknown}
 h - 2 scrolls of remove curse {unknown}
 k - a scroll of fog {unknown}
 l - 2 scrolls of teleportation {unknown}
 o - a scroll of immolation {unknown}
 r - a scroll of random uselessness {unknown}
Potions
 a - a potion of resistance {unknown}
 e - 4 potions of curing {unknown}
 i - 2 potions of brilliance {unknown}
Comestibles
 c - 5 rations


   Skills:
 - Level 2.0 Dodging
 - Level 2.6 Stealth
 + Level 2.5 Spellcasting
 * Level 2.7 Conjurations
 * Level 4.0 Fire Magic


You couldn't memorise any spells.
You knew the following spells:

 Your Spells              Type           Power        Failure   Level  Hunger
a - Flame Tongue          Conj/Fire      ##...        4%          1    #......
b - Conjure Flame         Conj/Fire      ##......     13%         3    ###....
c - Sticky Flame          Conj/Fire      ##......     38%         4    #####..

Your spell library contained the following spells:

 Spells                   Type           Power        Failure   Level  Hunger
 Throw Flame              Conj/Fire      ##....       6%          2    ##.....
 Inner Flame              Hex/Fire       #.......     22%         3    ###....
 Fireball                 Conj/Fire      ##........   75%         5    ######.


Dungeon Overview and Level Annotations

Branches:
Dungeon (3/15)

Altars:
Hepliaklqana
Ru

Annotations:
D:3 2 transporters, Grinder, Jessica


Innate Abilities, Weirdness & Mutations

You cannot wear most types of armour.
You are very stealthy in the water. (Stealth+)
You are amphibious.
You can wear up to eight rings at the same time.
You can use your tentacles to constrict eight enemies at once.
Your skin changes colour to match your surroundings (Stealth+).
Your rubbery body absorbs attacks. (AC +1, EV +1)


Message History

Aiming: Flame Tongue (safe; 4% risk of failure)
Press: ? - help, Shift-Dir - straight line, f - leopard gecko
Aim: a leopard gecko (clinging)
The flame tongue misses the leopard gecko.
You now have 4/7 mp.
Casting: Flame Tongue (safe; 4% risk of failure)
Confirm with . or Enter, or press ? or * to list all spells.
Aiming: Flame Tongue (safe; 4% risk of failure)
Press: ? - help, Shift-Dir - straight line, f/p - leopard gecko
Aim: a leopard gecko (clinging)
The flame tongue misses the leopard gecko.
The leopard gecko hisses menacingly.
The leopard gecko completely misses you.
You now have 3/7 mp.
Casting: Flame Tongue (safe; 4% risk of failure)
Confirm with . or Enter, or press ? or * to list all spells.
Aiming: Flame Tongue (safe; 4% risk of failure)
Press: ? - help, Shift-Dir - straight line, f/p - leopard gecko
Aim: a leopard gecko (clinging)
The flame tongue misses the leopard gecko.
The leopard gecko barely misses you.
You now have 2/7 mp.
Casting: Flame Tongue (safe; 4% risk of failure)
Confirm with . or Enter, or press ? or * to list all spells.
Aiming: Flame Tongue (safe; 4% risk of failure)
Press: ? - help, Shift-Dir - straight line, f/p - leopard gecko
Aim: a leopard gecko (clinging)
The flame tongue hits the leopard gecko.
You kill the leopard gecko!
Casting: Flame Tongue (safe; 4% risk of failure)
Confirm with . or Enter, or press ? or * to list all spells.
You can't see any susceptible monsters within range! (Use Z to cast anyway.) Unknown command.
Casting: Flame Tongue (safe; 4% risk of failure)
Confirm with . or Enter, or press ? or * to list all spells.
You can't see any susceptible monsters within range! (Use Z to cast anyway.) Unknown command.
Things that are here:
a short sword; a leopard gecko corpse
j - 91 stones (gained 2)
Found a rapier.
MP restored: 7
f - 3 scrolls labeled JENNOSEUBBU (gained 1)
c - 5 rations (gained 1) Key pressed, stopping explore.
Grinder is too close now for your liking.
Firing (i - inventory. (/) - cycle)
j - 91 stones (quivered)
Press: ? - help, Shift-Dir - straight line, f - Grinder
Aim: Grinder (hasn't noticed you)
You shoot a stone. The stone barely misses Grinder.
Grinder shouts!
Firing (i - inventory. (/) - cycle)
j - 90 stones (quivered)
Press: ? - help, Shift-Dir - straight line, f/p - Grinder
Aim: Grinder You shoot a stone.
The stone completely misses Grinder.
Casting: Flame Tongue (safe; 4% risk of failure)
Confirm with . or Enter, or press ? or * to list all spells.
Aiming: Flame Tongue (safe; 4% risk of failure)
Press: ? - help, Shift-Dir - straight line, f/p - Grinder
Aim: Grinder The flame tongue hits Grinder.
Grinder is moderately wounded.
You now have 6/7 mp.
Casting: Flame Tongue (safe; 4% risk of failure)
Confirm with . or Enter, or press ? or * to list all spells.
Aiming: Flame Tongue (safe; 4% risk of failure)
Press: ? - help, Shift-Dir - straight line, f/p - Grinder
Aim: Grinder (moderately wounded)
The flame tongue hits Grinder.
Grinder is heavily wounded.
You now have 5/7 mp.
Casting: Flame Tongue (safe; 4% risk of failure)
Confirm with . or Enter, or press ? or * to list all spells.
Aiming: Sticky Flame (quite dangerous; 38% risk of failure)
Press: ? - help, Shift-Dir - straight line, f/p - Grinder
Aim: Grinder (moderately wounded)
You miscast Sticky Flame.
You are very lightly contaminated with residual magic.
The air around you burns with energy!
You are feeling hungry.
Grinder barely misses you.
You now have 1/7 mp.
Casting: Sticky Flame (quite dangerous; 38% risk of failure)
Confirm with . or Enter, or press ? or * to list all spells.
Aiming: Flame Tongue (safe; 4% risk of failure)
Press: ? - help, Shift-Dir - straight line, f/p - Grinder
Aim: Grinder (moderately wounded)
The flame tongue hits Grinder.
Grinder is heavily wounded.
Grinder hits you!
You writhe in agony.
* * * LOW HITPOINT WARNING * * *
You take 17 damage, and have 10/27 hp.
MASSIVE DAMAGE!!
You now have 0/7 mp.
Grinder gestures at you. Pain shoots through your body!
* * * LOW HITPOINT WARNING * * *
You take 5 damage, and have 5/27 hp.
Grinder says, "Mostly I couldn't keep them alive."
Grinder gestures at you. Pain shoots through your body!
You die...

#.........5.###.....#####.###....
#....###............#####.#######
#).### #.########...........####
#..# #?.# ##.........##...). ...#
#..#####..............### .###
#.....##.5........###.... .#
#..###.##..........#####.. .#
#..# #.##..........##..... .#
#..# #.##@............##.. ##
#..# #...#........######.. # ##.#
###..........## ### ####..#
##..........# ##...# #.........)#
.....# #..........# ##...#
#..........# #...# #..........#
#...# ##........##


You could see Grinder.

Vanquished Creatures
  5 oozes
  A dart slug (D:1)
  3 leopard geckos
  A giant cockroach (D:2)
  7 goblins
  11 hobgoblins
  2 jackals (D:1)
  9 kobolds
  A quokka (D:2)
  2 ball pythons
  10 bats
  5 frilled lizards
  12 rats
69 creatures vanquished.

Notes
Turn   | Place    | Note
-------+----------+-------------------------------------------
     0 | D:1      | Monsterracer the Octopode Fire Elementalist began the quest
                  | for the Orb.
     0 | D:1      | Reached XP level 1. HP: 11/11 MP: 3/3
   143 | D:1      | Reached XP level 2. HP: 17/17 MP: 3/5
   808 | D:1      | Reached XP level 3. HP: 21/21 MP: 4/6
   813 | D:1      | Learned a level 3 spell: Conjure Flame
  1822 | D:2      | Reached XP level 4. HP: 27/27 MP: 5/7
  2630 | D:2      | Found a sacrificial altar of Ru.
  2871 | D:3      | Noticed Grinder
  2878 | D:3      | Learned a level 4 spell: Sticky Flame
  2908 | D:3      | Reached skill level 4 in Fire Magic
  2995 | D:3      | Found a transporter.
  2996 | D:3      | Noticed a hippogriff
  3015 | D:3      | Found a hazy altar of Hepliaklqana.
  3073 | D:3      | Found a transporter.
  3122 | D:3      | Noticed Jessica
  3405 | D:3      | HP: 10/27 [Grinder (6)]
  3408 | D:3      | Killed from afar by Grinder

Skill      XL: |  1  2  3  4 |
---------------+-------------+-----
Conjurations   | 2 |  2.7
Fire Magic     | 4 |  4.0
Dodging        | |  2.0
Stealth        | |  2.6
Spellcasting   | |  2.5

Action                   |  1- 3 |  4- 6 || total
-------------------------+-------+-------++-------
Melee: Unarmed           |     4 |       ||     4
       Constrict         |     3 |       ||     3
       Tentacles         |     2 |       ||     2
       Dagger            |     3 |       ||     3
 Fire: Hunting sling     |       |    24 ||    24
 Cast: Flame Tongue      |    68 |    42 ||   110
  Eat: Chunk             |     3 |     5 ||     8
Dodge: Dodged            |    24 |     8 ||    32

Vault maps used:
D:1:      roderic_chinese_lattice_arrival, serial_forest,
          infiniplex_forest_lined_2, infiniplex_forest_clump_long,
          infiniplex_forest_clump_long, infiniplex_forest_3_way
D:2:      nicolae_ru_path_of_blood
D:3:      gammafunk_temple_overflow_arena, first_ration, uniq_grinder,
          uniq_jessica
